cohdb
Replays
Latest Replays
All Replays
Popular Replays
Top Player Replays
Match Explorer
How It Works
Community
CoH3 Stats
Reddit
Sign in to upload your games and track your stats! →
Sign in with Steam
1100+ elo 12VP Tiger Zombie USFxUKF comeback vs DAKxDAK
Match 27166251
Overview
Messages
Build Orders
End
Selects Italian Combined Arms Battlegroup
Selects Bersaglieri Squad
Bersaglieri Squad
250 Light Carrier
Bersaglieri Squad
Construct Light Support Kompanie
Bersaglieri Squad
MG34 Team
Fire Support Elements
Flakvierling Half-track
Panzerjäger Mechanized Group
Combat Half-tracks
Selects Bersaglieri Bolster
Construct Panzerarmee Kommand
Selects Breda Model 30 Light Machine Guns
Selects Breda Model 30 Light Machine Guns
Panzer III L Medium Tank
Selects Semovente da 75/18 Assault Gun
Panzer III L Medium Tank
Vehicle Survival Package
Assault Mechanized Group
Tungsten Core Ammunition
Panzer III L Medium Tank
Selects Strafing Run
Selects Artillery Cover
Artillery Cover
Panzer III L Medium Tank
Armored Reserves
Panzer IV Assault Group
Artillery Cover
Pak 38 Anti-tank Gun Team
Bersaglieri Squad
Panzer III L Medium Tank
Bersaglieri Squad
Bersaglieri Squad
Panzer IV Assault Group
Artillery Cover
米勒上尉★John millers.us
Scrunt
jm707090525
dan legend
0
0
Comments
sign in to comment!
No comments posted yet!